 Dungeon Crawl Stone Soup version 0.31.0-12-g77e489cdc1 (webtiles) character file.

Game seed: 272761801859082199

36645 monsoonserge the Ripper (level 13, -5/75 HPs)
             Began as a Felid Shapeshifter on Mar 5, 2024.
             Was a High Priest of Wu Jian.
             Killed by angry trees
             ... awakened by a spriggan druid
              (16 damage)
             ... on level 2 of the Lair of Beasts.
             The game lasted 00:54:02 (17222 turns).

monsoonserge the Ripper (Felid Shapeshifter)       Turns: 17222, Time: 00:54:03

Health: -5/75      AC: 10    Str: 19    XL:     13   Next: 54%
Magic:  6/23       EV: 14    Int: 15    God:    Wu Jian [*****.]
Gold:   835        SH:  5    Dex: 16    Spells: 12/12 levels left
                                        Lives:  0   Deaths: 5

rFire   . .          .
                       - Unarmed
rCold   . . .        (shield unavailable)
rNeg    + . .        (body armour unavailable)
rPois   +            (helmet unavailable)
rElec   .            (cloak unavailable)
rCorr   +            (gloves unavailable)
SInv    +            (boots unavailable)
Will    .....        J - amulet of reflection
Stlth   +++          v - ring of positive energy
HPRegen 0.32/turn    D - ring of resist corrosion
MPRegen 0.18/turn

%: reflection
@: snake-form
A: constrict, boosted hp, large, (claws 1), (fangs 3), see invisible, (shaggy
fur 3), (stealthy paws), no weapons or thrown items, no armour, multi-lived
a: Begin Untransformation, Renounce Religion, Wall Jump, Serpent's Lash,
Heavenly Storm


You were on level 2 of the Lair of Beasts.
You worshipped Wu Jian.
Wu Jian was extremely pleased with you.
You were an enormous serpent.
You visited 3 branches of the dungeon, and saw 15 of its levels.
You also visited: Bailey, Gauntlet and Volcano.

You collected 835 gold pieces.

Inventory:

Jewellery
 i - an amulet of regeneration
 v - a ring of positive energy (left hand)
 D - a ring of resist corrosion (right hand)
 I - the ring of Luklitt {Fire Int+4}
   (You found it in a Gauntlet)

   [ring of fire]

   Fire:      It enhances your fire magic.
   Int+4:     It affects your intelligence (+4).
   rF+:       It protects you from fire.
   rC-:       It makes you vulnerable to cold.
 J - an amulet of reflection (around neck)
 M - an amulet of the acrobat
 N - a ring of magical power
 R - a ring of flight
Talismans
 l - a dragon-blood talisman
 L - the serpent talisman "Nil Vougg" (active) {Will- rCorr MP+9 Slay+3}
   (You found it on level 10 of the Dungeon)

   [serpent talisman]

   Slay+3:    It affects your accuracy & damage with ranged weapons and melee
   (+3).
   Will-:     It decreases your willpower.
   MP+9:      It affects your magic capacity (+9).
   rCorr:     It protects you from acid and corrosion.
Wands
 a - a wand of mindburst (18)
 y - a wand of light (4)
 H - a wand of iceblast (30)
 K - a wand of paralysis (21)
 Q - a wand of digging (9)
Scrolls
 b - 3 scrolls of enchant weapon {unknown}
 d - 5 scrolls of noise
 e - 2 scrolls of fog
 f - 5 scrolls of amnesia
 h - a scroll of blinking
 m - a scroll of silence {unknown}
 o - 5 scrolls of poison
 p - 2 scrolls of vulnerability
 q - 5 scrolls of teleportation
 s - 5 scrolls of revelation
 u - 2 scrolls of immolation
 C - 2 scrolls of torment
 G - 4 scrolls of fear
 O - a scroll of brand weapon {unknown}
Potions
 g - 3 potions of curing
 j - 3 potions of attraction
 k - 5 potions of brilliance
 n - a potion of ambrosia {unknown}
 r - a potion of enlightenment {unknown}
 t - 4 potions of degeneration {unknown}
 w - 4 potions of heal wounds
 x - 3 potions of might
 z - 2 potions of haste
 A - 3 potions of mutation
 B - a potion of cancellation {unknown}
 E - a potion of berserk rage {unknown}
 F - a potion of magic
 P - a potion of invisibility {unknown}


   Skills:
 * Level 5.0 Fighting
 * Level 9.7 Dodging
 - Level 5.0 Stealth
 + Level 15.8 Unarmed Combat
 + Level 1.6 Evocations
 * Level 12.9 Shapeshifting


You had 12 spell levels left.
You didn't know any spells.
Your spell library contained the following spells:

 Spells                   Type           Power      Damage    Failure   Level
 Foxfire                  Conj/Fire      0%         2x1d4     26%         1
 Mercury Vapours          Alch/Air       0%         N/A       38%         2
 Dazzling Flash           Conj/Hex       0%         N/A       63%         3
 Mephitic Cloud           Conj/Alch/Air  0%         N/A       63%         3
 Volatile Blastmotes      Fire/Tloc      0%         2d10      63%         3
 Animate Dead             Necr           0%         N/A       95%         4
 Fulminant Prism          Conj/Alch      0%         3d5       95%         4
 Iskenderun's Mystic Bla  Conj/Tloc      0%         2d3       95%         4
 Leda's Liquefaction      Alch/Erth      0%         N/A       95%         4
 Borgnjor's Vile Clutch   Necr/Erth      0%         N/A       100%        5
 Freezing Cloud           Conj/Ice/Air   0%         6-21      100%        5
 Lee's Rapid Deconstruct  Erth           0%         3d4*      100%        5
 Bombard                  Conj/Erth      0%         9d1       100%        6
 Death Channel            Necr           0%         N/A       100%        6
 Plasma Beam              Fire/Air       0%         2x1d10    100%        6
 Starburst                Conj/Fire      0%         6d3       100%        6
 Maxwell's Capacitive Co  Air            0%         ∞         100%        8


Dungeon Overview and Level Annotations

Branches:
Dungeon (12/15)            Temple (1/1) D:4            Lair (2/5) D:10
  Snake (0/4) Lair:2          Orc (0/2) D:12         Bailey (visited)
Volcano (visited)         Gauntlet (visited)
  Swamp: Lair:2-3    Shoals: Lair:2-3

Altars:
Ashenzari
Cheibriados
Dithmenos
Elyvilon
Fedhas
Gozag
Hepliaklqana
Kikubaaqudgha
Makhleb
Nemelex Xobeh
Okawaru
Qazlal
Ru
Sif Muna
Trog
Uskayaw
Vehumet
Wu Jian
Xom
Yredelemnul
Zin
The Shining One

Shops:
D:5 [   D:9 [

Annotations:
D:8 3 runed translucent doors, Gadfly's ghost, journeyman AtFi; superradish's ghost, novice OpSh


Innate Abilities, Weirdness & Mutations

You are an enormous serpent.
You have a powerful constriction melee attack.
Your maximum health is increased.
((You have sharp claws.))
((You have razor-sharp teeth.))
You have supernaturally acute eyesight. (SInv)
((Your thick and shaggy fur keeps you warm. (AC +3, rC+)))
((Your paws help you pounce on unaware monsters.))
You are incapable of wielding weapons or throwing items.
You cannot wear armour.
You gain extra lives every three experience levels.


Message History

You are waved at by a branch.
You lash the hornet! You grab the hornet.
The hornet is heavily wounded.
You constrict the hornet. The hornet stings you.
You feel yourself slow down.
The spriggan druid calls out to the beasts of the wild!
You lash the hornet!
You kill the hornet!
The Council accepts your kill. A root smacks you from below!
The bullfrog hits you but does no damage.
A komodo dragon comes into view.
You lunge at the spriggan druid.
You body-slam the spriggan druid!!
Your grab misses the spriggan druid.
The spriggan druid is heavily wounded.
You spin and attack the bullfrog repeatedly.
You lash the bullfrog! You grab the bullfrog.
The bullfrog is heavily wounded.
You lash the bullfrog!
You kill the bullfrog!
The Council accepts your kill.
You feel yourself speed up. A root smacks you from below!
Trunks creak and shift.
A root smacks you from below!
* * * LOW HITPOINT WARNING * * *
You block the spriggan druid's attack.
The spriggan druid hits you with a +0 quarterstaff.
* * * LOW HITPOINT WARNING * * *
The spriggan druid barely misses you.
Unknown command.
Blink to where?
Press: ? - help, Dir - move target, f - you
Okay, then.
Unknown command.
Okay, then.
As you read the scroll of fear, it crumbles to dust.
You assume a fearsome visage.
The spriggan druid looks frightened!
The spriggan druid resists with almost no effort.
The komodo dragon looks frightened!
A root smacks you from below!
You die...

......................
......................
................[.....
......................
♣♣♣♣♣♣.P............. ♣
♣♣.♣.............. ♣..
♣..♣..............
..♣..♣♣..♣.........#....
##♣.....liS.♣####..P###....
#.♣.♣♣♣♣..i♣♣ #.#### #....
#.♣ ....♣.♣ ## ##...
#.♣...§♣♣§.♣ #.... #.♣♣♣..
§§. ###.. #.♣ ♣♣ §§.. ###..
# #.♣♣♣♣♣♣♣♣♣♣♣ #.#..
#######...........## #....
..##.#P............###
##...


You could see a komodo dragon (fleeing) and 2 spriggan druids.

Vanquished Creatures
  A minotaur (Gauntlet)
  Snorg (D:11)
  Josephine (D:12)
  3 two-headed ogres
  3 death yaks
  A wretched star (Gauntlet)
  A skyshark (Lair:2)
  2 deep elf pyromancers (D:12)
  Pikel (D:8)
  A salamander (Lair:2)
  A moth of wrath (Gauntlet)
  3 black mambas (Lair:1)
  2 cyclopes
  A toenail golem (Volcano)
  An elephant (D:10)
  3 molten gargoyles (Volcano)
  5 cane toads
  A gargoyle (D:10)
  2 rime drakes (Lair:2)
  2 efreet (Volcano)
  Psyche (D:12)
  A kobold demonologist (D:11)
  10 komodo dragons
  3 trolls
  Prince Ribbit (D:8)
  2 hornets
  5 blink frogs (Lair:1)
  5 shadows
  6 wraiths
  2 spriggans (Bailey)
  30 yaks
  3 basilisks
  2 wyverns
  3 fire elementals (Volcano)
  Grum (D:9)
  A neqoxec (Gauntlet)
  A steam dragon (Bailey)
  The ghost of Grombok the Slasher, an amateur DsGl (D:5)
  6 vampire mosquitoes (D:12)
  2 swamp worms (Gauntlet)
  An acid dragon (D:10)
  10 water moccasins
  An ice beast (D:6)
  5 orc warriors
  6 black bears
  10 ogres
  A sky beast (D:8)
  11 wolves
  6 centaurs
  2 lemures (D:8)
  3 kobold brigands
  2 phantoms (D:5)
  9 bullfrogs
  An earth elemental (Volcano)
  A gnoll sergeant (D:11)
  A scorpion (D:5)
  12 wights
  5 killer bees (D:9)
  An electric eel (D:7)
  6 howler monkeys
  4 lava snakes (Lair:2)
  5 hounds
  5 orc priests
  2 bombardier beetles
  A gnoll bouda (D:4)
  2 jellies
  Crazy Yiuf (D:2)
  2 sleepcaps
  Jessica (D:3)
  2 iguanas (D:6)
  15 orc wizards
  10 gnolls
  9 adders
  A white imp (D:6)
  A ribbon worm (D:3)
  2 dart slugs
  35 orcs
  8 bats
  5 endoplasms
  5 giant cockroaches
  9 goblins
  10 hobgoblins
  18 kobolds
  7 quokkas
  6 ball pythons
  A frilled lizard (D:1)
  5 rats
388 creatures vanquished.

Notes
Turn   | Place    | Note
-------+----------+-------------------------------------------
     0 | D:1      | monsoonserge the Felid Shapeshifter began the quest for the
                  | Orb.
     0 | D:1      | Reached XP level 1. HP: 10/10 MP: 2/2
   223 | D:1      | Reached XP level 2. HP: 14/14 MP: 3/3
   654 | D:3      | Reached XP level 3. HP: 13/18 MP: 4/4
   757 | D:2      | Reached skill level 4 in Unarmed Combat
   835 | D:2      | Found a faded altar of an unknown god.
  1069 | D:2      | Found a runed translucent door.
  1070 | D:2      | Noticed Crazy Yiuf
  1335 | D:3      | Reached XP level 4. HP: 14/22 MP: 5/5
  1335 | D:3      | Gained a life (2 lives remaining)
  1341 | D:3      | Identified the +10 short sword of Proximity {freeze, *Rage
                  | rPois rN+ Str+3}
  1486 | D:3      | Noticed Jessica
  1490 | D:3      | Killed Jessica
  1910 | D:4      | Reached skill level 1 in Stealth
  1922 | D:4      | HP: 1/22 [hobgoblin (4)]
  1923 | D:4      | Mangled by a sleepcap
  1923 | D:4      | Lost a life (1 life remaining)
  1953 | D:4      | Reached XP level 5. HP: 18/25 MP: 6/6
  2159 | D:4      | Found a blossoming altar of Fedhas.
  2161 | D:4      | Found a stormy altar of Qazlal.
  2221 | D:4      | Reached skill level 5 in Unarmed Combat
  2313 | D:5      | Entered Level 5 of the Dungeon
  2354 | D:5      | Gained mutation: You are covered in thick fur. (AC +2)
                  | [Felid growth]
  2354 | D:5      | Reached XP level 6. HP: 22/30 MP: 7/7
  2361 | D:5      | Found Iruanleuxusch's Armour Boutique.
  2481 | D:4      | Found a staircase to the Ecumenical Temple.
  2487 | Temple   | Entered the Ecumenical Temple
  2506 | Temple   | Became a worshipper of the Wu Jian Council
  2733 | D:3      | Reached skill level 5 in Shapeshifting
  2924 | D:5      | Reached XP level 7. HP: 33/35 MP: 8/8
  2924 | D:5      | Gained a life (2 lives remaining)
  3057 | D:5      | Noticed Grombok's ghost (amateur DsGl)
  3058 | D:5      | Found a transporter.
  3058 | D:5      | Identified the +4 great mace "Cat's Peril" {freeze, ^Contam
                  | rF+ Str+5}
  3062 | D:5      | Found a transporter.
  3688 | D:5      | Reached XP level 8. HP: 29/39 MP: 9/9
  3872 | D:6      | Reached * piety under Wu Jian
  3960 | D:6      | Reached skill level 6 in Unarmed Combat
  4356 | D:7      | Slain by a wight
  4356 | D:7      | Lost a life (1 life remaining)
  4855 | D:7      | Reached skill level 7 in Unarmed Combat
  5229 | D:8      | Reached XP level 9. HP: 37/44 MP: 10/10
  5360 | D:8      | Noticed Pikel
  5367 | D:8      | Killed Pikel
  5368 | D:8      | Reached skill level 5 in Dodging
  5478 | D:8      | Reached ** piety under Wu Jian
  5564 | D:8      | Found a runed translucent gate.
  5565 | D:8      | Found a runed translucent gate.
  5567 | D:8      | Found a runed translucent gate.
  5568 | D:8      | Reached skill level 8 in Unarmed Combat
  5646 | D:8      | Noticed Prince Ribbit
  5655 | D:8      | Killed Prince Ribbit
  6035 | D:8      | Noticed superradish's ghost (novice OpSh)
  6035 | D:8      | Noticed Gadfly's ghost (journeyman AtFi)
  6182 | D:9      | Noticed Grum
  6186 | D:9      | Reached skill level 9 in Unarmed Combat
  6192 | D:9      | Killed Grum
  6259 | D:9      | Found Luhez's Antique Armour Shop.
  6427 | D:9      | Noticed a two-headed ogre
  6439 | D:9      | Killed a two-headed ogre
  6440 | D:9      | Reached XP level 10. HP: 8/49 MP: 11/11
  6440 | D:9      | Gained a life (2 lives remaining)
  6764 | D:9      | Reached skill level 10 in Unarmed Combat
  6861 | D:9      | Reached skill level 1 in Evocations
  7337 | D:2      | Killed Crazy Yiuf
  7492 | D:5      | Killed Grombok's ghost
  7876 | D:10     | Entered Level 10 of the Dungeon
  8109 | D:10     | Reached *** piety under Wu Jian
  8117 | D:10     | Reached skill level 11 in Unarmed Combat
  8121 | D:10     | Noticed an elephant
  8248 | D:10     | Found a flagged portal.
  8263 | Bailey   | Entered a bailey
  8543 | Bailey   | Reached XP level 11. HP: 42/52 MP: 12/12
  8634 | Bailey   | Noticed a two-headed ogre
  8654 | Bailey   | Killed a two-headed ogre
  8740 | Bailey   | Identified the +8 quarterstaff of Tender Mercy {holy, MP+9
                  | Int+2}
  8813 | D:10     | Identified the serpent talisman "Nil Vougg" {Will- rCorr
                  | MP+9 Slay+3}
  9147 | D:10     | Reached skill level 12 in Unarmed Combat
  9426 | D:10     | Found a staircase to the Lair.
  9653 | D:11     | Reached skill level 10 in Shapeshifting
 10062 | D:11     | Noticed a two-headed ogre
 10074 | D:11     | Killed a two-headed ogre
 10190 | D:11     | Reached **** piety under Wu Jian
 10403 | D:11     | Noticed Snorg
 10408 | D:11     | Killed Snorg
 10409 | D:11     | Reached skill level 5 in Stealth
 10729 | Lair:1   | Entered Level 1 of the Lair of Beasts
 10950 | Lair:1   | Found a dark tunnel.
 10987 | Volcano  | Entered a volcano
 11004 | Volcano  | Reached skill level 13 in Unarmed Combat
 11181 | Volcano  | Noticed a lindwurm
 11181 | Volcano  | Noticed a lindwurm
 11408 | Volcano  | HP: 2/63 [fire elemental (11)]
 11928 | Volcano  | Gained mutation: Your thick and shaggy fur keeps you warm.
                  | (AC +3, rC+) [Felid growth]
 11928 | Volcano  | Reached XP level 12. HP: 16/58 MP: 13/13
 12035 | Volcano  | Killed from afar by a lindwurm
 12035 | Volcano  | Lost a life (1 life remaining)
 12762 | Lair:1   | Reached skill level 14 in Unarmed Combat
 12990 | Lair:1   | Reached ***** piety under Wu Jian
 13629 | Lair:2   | Noticed a death yak
 13634 | Lair:2   | Noticed a death yak
 13638 | Lair:2   | Noticed a death yak
 13641 | Lair:2   | HP: 3/69 [death yak (16)]
 13650 | Lair:2   | Killed from afar by a rime drake
 13650 | Lair:2   | Lost a life (0 lives remaining)
 14047 | Lair:1   | Killed a death yak
 14391 | D:12     | Reached XP level 13. HP: 27/63 MP: 14/14
 14391 | D:12     | Gained a life (1 life remaining)
 14432 | D:12     | Mangled by a fire elemental
 14432 | D:12     | Lost a life (0 lives remaining)
 14469 | D:12     | Reached skill level 15 in Unarmed Combat
 14518 | D:12     | Found a staircase to the Orcish Mines.
 14540 | D:12     | Noticed Josephine
 14555 | D:12     | Killed Josephine
 14716 | D:12     | Found a gate leading to a gauntlet.
 14735 | Gauntlet | Entered a Gauntlet
 14735 | Gauntlet | Found a transporter.
 14735 | Gauntlet | Found a transporter.
 14821 | Gauntlet | Found a transporter.
 14822 | Gauntlet | Found a transporter.
 14824 | Gauntlet | Found a transporter.
 14847 | Gauntlet | Found a transporter.
 14850 | Gauntlet | Found a transporter.
 14895 | Gauntlet | Found a transporter.
 14896 | Gauntlet | Found a transporter.
 14896 | Gauntlet | Found a transporter.
 14912 | Gauntlet | Found a transporter.
 14928 | Gauntlet | Found a transporter.
 14938 | Gauntlet | Found a transporter.
 14954 | Gauntlet | Found a transporter.
 15209 | Gauntlet | Identified the ring of Luklitt {Fire Int+4}
 15451 | Gauntlet | Noticed a minotaur
 15458 | Gauntlet | HP: 2/112 [minotaur/+2 great sword of distortion (9)]
 15460 | Gauntlet | Killed a minotaur
 15463 | Gauntlet | Identified the +0 scimitar of Ukiqouf {drain, rPois Str+3}
 16000 | D:12     | Noticed Psyche
 16003 | D:12     | Killed Psyche
 16511 | Lair:2   | Reached skill level 5 in Fighting
 16772 | Lair:2   | Found a staircase to the Snake Pit.
 17222 | Lair:2   | Killed from afar by a spriggan druid

Illustrated notes

Levels and vault maps discovered:
D:1:      psy_arrival_dodecagon, layout_rooms, grunt_decor_cap
D:2:      layout_basic, shapermc_ecumenical_altar_acropolis,
          serial_bayou_pond_b, st_stairs_6, uniq_crazy_yiuf_cottage
D:3:      layout_loops_cross, nicolae_concentric_dashed_squares_wild,
          st_stairs_9, hex_tiny, uniq_jessica
D:4:      layout_basic, grunt_temple_overflow_forces_of_nature,
          minmay_temple_entry_arrows
D:5:      layout_cave_pools, gammafunk_ghost_smash, serial_shops, shop,
          minmay_misc_feat_pillars
D:6:      layout_rooms
D:7:      layout_basic, st_stairs_6, nrook_mini_vaults, serial_bayou_lagoon_a,
          minmay_diced_spiral
D:8:      layout_basic, gammafunk_ghost_cemetery, uniq_pikel,
          uniq_prince_ribbit1
D:9:      layout_basic, serial_shops, shop, uniq_grum
D:10:     layout_roguey, grunt_lair_entry_orc_guard_hut, enter_bailey_4,
          nicolae_sextant
D:11:     layout_long_grid, uniq_snorg
D:12:     layout_cave_pools, hiddenorc1_lemuel, gauntlet_entry_generic,
          uniq_josephine, uniq_psyche
Temple:   nicolae_temple_slightly_damp_pantheon
Lair:1:   layout_roguey, lightli_volcano_entry_magma_tube,
          lemuel_another_geyser, grunt_megastairs_1, infiniplex_staircase_pool_2
Lair:2:   layout_hall_layers, mainiacjoe_swamp_entry_angry_trees,
          nicolae_snake_entry_warm_welcome, beast_lair_carwin_8,
          serial_bayou_shore_b

Skill      XL: |  1  2  3  4  5  6  7  8  9 10 11 12 13 |
---------------+----------------------------------------+-----
Shapeshifting  | 3 4 5 6 7 9 10 12 | 12.9
Unarmed Combat | 4 5 7 9 11 13 14 15 | 15.8
Dodging        | 3 4 5 6 7 9 |  9.7
Stealth        | 1 2 3 4 5 |  5.0
Fighting       | 2 3 4 5 |  5.0
Evocations     | 1 |  1.6

Action                     |  1- 3 |  4- 6 |  7- 9 | 10-12 | 13-15 || total
---------------------------+-------+-------+-------+-------+-------++-------
  Melee: Unarmed           |   114 |   123 |   344 |   582 |   200 ||  1363
         Bite              |     8 |    14 |    51 |    34 |     1 ||   108
         Punch             |       |     4 |     2 |     1 |       ||     7
         Constrict         |       |       |       |    79 |    35 ||   114
         Tailslap          |       |       |       |     3 |     1 ||     4
 Invoke: Serpent's Lash    |       |       |       |     1 |       ||     1
Ability: Lunge             |       |     3 |    28 |    46 |    21 ||    98
         Whirlwind         |       |       |    39 |    71 |    24 ||   134
  Evoke: Wand              |       |       |     4 |     4 |       ||     8
    Use: Potion            |       |     3 |     2 |     4 |     3 ||    12
         Scroll            |       |       |     1 |    11 |     5 ||    17
   Stab: Sleeping          |       |     5 |     2 |     9 |     2 ||    18
         Invisible         |       |       |       |     1 |       ||     1
 Armour: Skin              |    36 |    59 |    94 |   213 |    82 ||   484
  Dodge: Dodged            |   102 |   104 |   253 |   252 |    57 ||   768
  Block: Other             |       |       |       |    60 |    22 ||    82
         Reflection        |       |       |       |       |     1 ||     1
   Form: Flux              |       |       |     1 |       |       ||     1
         Serpent           |       |       |       |     3 |     5 ||     8
         Dragon            |       |       |       |     2 |     3 ||     5
                           |       |       |       |       |     1 ||     1
         Blade             |       |       |       |       |     1 ||     1
